 Dungeon Crawl Stone Soup version 0.23-a0-756-g517b432 (console) character file.

165 Voker57 the Slasher (level 5, 0/41 HPs)
             Began as a Demonspawn Gladiator on Jan 18, 2019.
             Slain by a gnoll
             ... wielding a +0 club
              (4 damage)
             ... on level 3 of the Dungeon.
             The game lasted 00:02:16 (1849 turns).

Voker57 the Slasher (Demonspawn Gladiator)          Turns: 1849, Time: 00:02:17

Health: 0/41       AC:  5    Str: 15    XL:     5   Next: 21%
Magic:  5/5        EV:  7    Int:  9    God:
Gold:   155        SH:  0    Dex: 15    Spells: 4/4 levels left

rFire    . . .     SeeInvis .   a - +3 long sword
rCold    + . .     Gourm    .   (no shield)
rNeg     + . .     Faith    .   b - +0 leather armour
rPois    .         Spirit   .   c - +1 helmet
rElec    .         Reflect  .   (no cloak)
rCorr    .         Harm     .   (no gloves)
MR       .....                  (no boots)
Stlth    +.........             (no amulet)
HPRegen  0.13/turn              j - ring of positive energy
MPRegen  0.09/turn              m - ring of protection from cold

@: held
A: spiny 2
a: no special abilities


You were on level 3 of the Dungeon.
You were not hungry.

You visited 1 branch of the dungeon, and saw 3 of its levels.

You collected 155 gold pieces.

Inventory:

Hand Weapons
 a - a +3 long sword (weapon)
Missiles
 d - 3 throwing nets (quivered)
Armour
 b - a +0 leather armour (worn)
 c - a +1 helmet (worn)
Jewellery
 j - a ring of positive energy (left hand)
 m - a ring of protection from cold (right hand)
 o - a cursed ring of attention {unknown}
 p - a cursed -5 ring of intelligence {unknown}
Wands
 n - a wand of flame (19)
Scrolls
 i - 5 scrolls of identify
 l - a scroll of fog
Potions
 e - a potion of degeneration {unknown}
 g - 2 potions of curing {unknown}
 h - 2 potions of lignification {unknown}
 k - 2 potions of agility {unknown}
Comestibles
 f - 7 rations
 q - 4 chunks of flesh


   Skills:
 + Level 3.2 Fighting
 * Level 4.2 Long Blades
 - Level 1.7 Throwing
 + Level 3.5 Dodging


You had 4 spell levels left.
You didn't know any spells.
Your spell library was empty.

Dungeon Overview and Level Annotations

Branches:
Dungeon (3/15)

Altars:
Dithmenos
Elyvilon
Fedhas
Qazlal
Vehumet


Innate Abilities, Weirdness & Mutations

You are mostly covered in sharp spines.


Message History

You slash the gnoll!
The gnoll is almost dead.
The gnoll hits you with a +0 halberd.
You closely miss the gnoll.
The gnoll is almost dead.
The gnoll is struck by your spines.
You kill the gnoll!
The gnoll is struck by your spines. The gnoll hits you but does no damage.
The gnoll throws a throwing net.
The throwing net hits you.
You become entangled in the net!
You struggle against the net.
The gnoll hits you with a +0 club.
You struggle against the net.
The gnoll is struck by your spines. The gnoll barely misses you.
You riposte.
You hit the gnoll but do no damage.
The gnoll is moderately wounded.
The gnoll hits you with a +0 club!
The gnoll hits you from afar with a +0 halberd!
* * * LOW HITPOINT WARNING * * *
You struggle against the net.
The gnoll is struck by your spines. The gnoll hits you with a +0 club.
You die...

#.# #.# #########.#
#......##.#
#.####.##.### # #####
#.# #.##... ...
#...###.####.##.##.....
#.........<....@gg...#
#...###.####.#..g#####
##.## #...........# #.#
########....... #.#
##.##### .# #.# #.# .#
#.# #.# ##.### #.# ##+#
#... . #.### ##...##
#..# # #...## ##.....##
###..###


You could see 3 gnolls.

Vanquished Creatures
  2 orc wizards (D:3)
  A gnoll (D:3)
  4 adders
  2 worms (D:2)
  A leopard gecko (D:1)
  3 orcs (D:3)
  A bat (D:1)
  2 giant cockroaches
  10 goblins
  6 hobgoblins
  2 jackals (D:2)
  2 quokkas (D:2)
  2 frilled lizards (D:1)
  8 kobolds
  A leopard gecko skeleton (D:3)
  10 rats
57 creatures vanquished.

Notes
Turn   | Place    | Note
-------+----------+-------------------------------------------
     0 | D:1      | Voker57 the Demonspawn Gladiator began the quest for the
                  | Orb.
     0 | D:1      | Reached XP level 1. HP: 16/16 MP: 1/1
    39 | D:1      | Reached skill level 3 in Long Blades
    43 | D:1      | Gained mutation: You are partially covered in sharp spines.
                  | [demonic ancestry]
    43 | D:1      | Reached XP level 2. HP: 16/22 MP: 2/2
   586 | D:2      | Gained mutation: You are mostly covered in sharp spines.
                  | [demonic ancestry]
   586 | D:2      | Reached XP level 3. HP: 28/28 MP: 3/3
   682 | D:2      | Found a shadowy altar of Dithmenos.
   776 | D:2      | Found a stormy altar of Qazlal.
  1186 | D:2      | Reached XP level 4. HP: 30/34 MP: 4/4
  1593 | D:3      | Found a radiant altar of Vehumet.
  1614 | D:3      | Found a blossoming altar of Fedhas.
  1615 | D:3      | Found a white marble altar of Elyvilon.
  1699 | D:3      | Reached skill level 4 in Long Blades
  1701 | D:3      | Reached XP level 5. HP: 32/41 MP: 5/5
  1849 | D:3      | Slain by a gnoll

Vault maps used:
D:1:      minmay_arrival_glassed_features, chequers_serial_rivers_micro_b,
          minmay_misc_feat_rows
D:2:      nicolae_overflow_crystal_walls, first_ration, serial_glass,
          glass_columns_a, glass_columns_c, item_on_display_a,
          minmay_strange_pillars, minmay_strange_pillars,
          nicolae_qazlal_general_emergency
D:3:      fiery_altar_vehumet, grunt_temple_overflow_open, uniq_natasha

Skill      XL: |  1  2  3  4 |
---------------+-------------+-----
Long Blades    | 3 4 |  4.2
Dodging        | 3 |  3.5
Fighting       | 3 |  3.2
Throwing       | |  1.7

Action                   |  1- 3 |  4- 6 || total
-------------------------+-------+-------++-------
Melee: Long sword        |    81 |    27 ||   108
  Use: Scroll            |     3 |     4 ||     7
 Stab: Sleeping          |     1 |     1 ||     2
  Eat: Chunk             |       |     3 ||     3
Armor: Leather armour    |    17 |     3 ||    20
Dodge: Dodged            |    52 |    13 ||    65
       Rpst.: Long sword |    19 |     7 ||    26

Table legend:
 A = Non-vault XP
 B = Vault XP
 C = Vault XP percentage of total XP
 D = Non-vault monster count
 E = Vault monster count
 F = Vault count percentage of total count
                 A         B        C        D         E       F
            +---------+---------+-------+---------+---------+-------
      Total |     236 |       0 |   0.0 |      57 |       0 |   0.0
            +---------+---------+-------+---------+---------+-------
        D:1 |      34 |       0 |   0.0 |      21 |       0 |   0.0
        D:2 |      78 |       0 |   0.0 |      23 |       0 |   0.0
        D:3 |     124 |       0 |   0.0 |      13 |       0 |   0.0
            +---------+---------+-------+---------+---------+-------
